 Dungeon Crawl Stone Soup version 0.18.1-6-gd335043 (webtiles) character file.

749 Kilingo the Sneak (level 7, 0/55 HPs)
             Began as a Demigod Fire Elementalist on May 19, 2016.
             Engulfed by a cloud of flame (16 damage)
             ... on level 6 of the Dungeon.
             The game lasted 01:06:10 (6053 turns).

Kilingo the Sneak (Demigod Fire Elementalist)       Turns: 6053, Time: 01:06:12

Health: 0/55       AC:  7    Str: 13    XL:     7   Next: 24%
Magic:  6/14       EV: 12    Int: 21    God:
Gold:   238        SH:  0    Dex: 16    Spells: 4 memorised, 3 levels left

rFire  . . .     SeeInvis .     h - +0 dagger
rCold  . . .     Gourm    .     a - +0 robe
rNeg   . . .     Faith    .     (no shield)
rPois  .         Spirit   .     r - +0 helmet
rElec  .         Dismiss  .     i - +0 cloak
rCorr  .         Reflect  .     (no gloves)
SustAt +         Harm     .     u - +0 pair of boots
MR     .....                    (no amulet)
Stlth  +++.......               o - +2 ring of protection
                                c - ring of stealth

@: not resistant to hostile enchantments, fairly stealthy
A: high mp 1, sustain attributes
a: no special abilities


You were on level 6 of the Dungeon.
You were not hungry.

You visited 1 branch of the dungeon, and saw 6 of its levels.
You also visited: Ossuary.

You collected 238 gold pieces.

Inventory:

Hand Weapons
 h - a +0 dagger (weapon)
 l - a +0 hunting sling
 t - a +0 whip
Missiles
 f - 145 stones (quivered)
 A - 16 sling bullets
 B - 15 poisoned needles
Armour
 a - a +0 robe (worn)
 e - a +0 leather armour
 i - a +0 cloak (worn)
 j - a +1 ring mail
 r - a +0 helmet (worn)
 u - a +0 pair of boots (worn)
 E - a +0 leather armour of fire resistance
Jewellery
 c - a ring of stealth (left hand)
 o - a +2 ring of protection (right hand)
Wands
 D - a wand of random effects (23/48)
Scrolls
 k - 2 scrolls of recharging
 m - 2 scrolls of enchant weapon {unknown}
 n - 2 scrolls of teleportation
 p - 2 scrolls of magic mapping
 q - a scroll of acquirement {unknown}
 y - 2 scrolls of amnesia {unknown}
 G - 3 scrolls of identify
 H - 2 scrolls of enchant armour
 K - a scroll of blinking {unknown}
Potions
 g - a potion of curing
 s - a potion of agility {unknown}
 v - a potion of cancellation {unknown}
 w - a potion of mutation {unknown}
 x - 2 potions of might
 z - a potion of degeneration {unknown}
 C - a potion of lignification {unknown}
 I - 2 potions of cure mutation {unknown}
 J - a potion of flight {unknown}
 L - a potion of heal wounds
 M - a potion of berserk rage {unknown}
 N - a potion of invisibility {unknown}
Books
 b - a book of Flames

   Spells                             Type                      Level
   a - Flame Tongue                   Conjuration/Fire             1
   b - Throw Flame                    Conjuration/Fire             2
   c - Conjure Flame                  Conjuration/Fire             3
   d - Inner Flame                    Hexes/Fire                   3
   e - Sticky Flame                   Conjuration/Fire             4
   f - Fireball                       Conjuration/Fire             5
Comestibles
 d - a beef jerky
 F - a meat ration
 O - a chunk of flesh


   Skills:
 - Level 2.0 Fighting
 - Level 2.0 Short Blades
 - Level 2.1 Throwing
 - Level 2.8 Armour
 - Level 2.0 Dodging
 - Level 3.1 Stealth
   Level 0.5 Shields
 - Level 3.1 Spellcasting
 - Level 2.8 Conjurations
 + Level 0.8 Hexes
 - Level 2.6 Fire Magic
 - Level 2.0 Evocations


You had 3 spell levels left.
You knew the following spells:

 Your Spells              Type           Power        Failure   Level  Hunger
a - Flame Tongue          Conj/Fire      ##...        4%          1    None
b - Throw Flame           Conj/Fire      ##....       8%          2    ##.....
c - Conjure Flame         Conj/Fire      ##......     14%         3    ###....
d - Inner Flame           Hex/Fire       ##......     21%         3    ###....


Dungeon Overview and Level Annotations

Branches:
Dungeon (6/15)
 Temple: D:4-7


Innate Abilities, Weirdness & Mutations

You have an increased reservoir of magic (+10% MP).
Your attributes are resistant to harm.


Message History

Aiming: Flame Tongue
Press: ? - help, Shift-Dir - straight line, f/p - quokka
Aim: a quokka (heavily wounded, inner flame)
The flame tongue misses the quokka.
The flame tongue hits the orc warrior.
The orc warrior is moderately wounded.
The quokka closely misses you.
The orc warrior hits you from afar with a halberd.
Casting: Flame Tongue
Confirm with . or Enter, or press ? or * to list all spells.
Aiming: Flame Tongue
Press: ? - help, Shift-Dir - straight line, f/p - quokka
Aim: a quokka (heavily wounded, inner flame)
The flame tongue hits the quokka.
The quokka explodes!
The fiery explosion engulfs you!
* * * LOW HITPOINT WARNING * * *
The fiery explosion engulfs the orc warrior.
The orc warrior is severely wounded.
You are engulfed in roaring flames.
You die...

### #.#
#.################
#.)...............
#.################
#####.######
#..........#
##...§@§....#.
#>...§§§(.....
#....§o.....#.
#.....(.....#
#...........#
#.....o.....#
#...........#
#......%....#
#...........# ###


You could see an orc warrior and an orc.

Vanquished Creatures
  2 scorpions
  3 wights (D:6)
  A jelly (D:6)
  3 hounds
  An orc priest (D:6)
  2 iguanas (D:6)
  A worker ant (D:4)
  2 orc wizards (D:5)
  A hound zombie (D:6)
  3 mummies (Ossuary)
  A hound skeleton (D:6)
  4 adders
  A howler monkey skeleton (D:5)
  2 oozes
  3 adder zombies (Ossuary)
  2 adder skeletons
  2 worms
  A dart slug (D:1)
  6 giant geckos
  8 orcs
  A ball python (D:3)
  4 giant cockroaches (D:2)
  8 goblins
  7 hobgoblins
  4 jackals (D:1)
  2 quokkas
  6 bats
  6 giant newts
  2 goblin zombies (Ossuary)
  3 hobgoblin zombies (Ossuary)
  8 kobolds
  5 kobold zombies (Ossuary)
  2 orc zombies (Ossuary)
  2 quokka zombies (Ossuary)
  13 rats
  A rat zombie (Ossuary)
123 creatures vanquished.

Notes
Turn   | Place    | Note
--------------------------------------------------------------
     0 | D:1      | Kilingo the Demigod Fire Elementalist began the quest for the Orb.
     0 | D:1      | Reached XP level 1. HP: 14/14 MP: 5/5
   210 | D:1      | Reached skill level 1 in Armour
   339 | D:1      | Reached skill level 1 in Conjurations
   378 | D:1      | Reached XP level 2. HP: 9/20 MP: 0/7
   446 | D:1      | Learned a level 2 spell: Throw Flame
   654 | D:1      | Reached skill level 1 in Fighting
  1227 | D:2      | Reached XP level 3. HP: 23/28 MP: 0/8
  1239 | D:2      | Reached skill level 1 in Throwing
  1332 | D:2      | Reached skill level 1 in Short Blades
  1448 | D:2      | Found a shadowy altar of Dithmenos.
  1508 | D:2      | Found a stormy altar of Qazlal.
  1955 | D:2      | Found a radiant altar of Vehumet.
  2031 | D:3      | Noticed a scorpion
  2038 | D:3      | Killed a scorpion
  2038 | D:3      | Reached XP level 4. HP: 35/35 MP: 5/9
  2630 | D:3      | Learned a level 3 spell: Conjure Flame
  3141 | D:3      | Reached XP level 5. HP: 40/40 MP: 3/10
  4078 | D:5      | Entered Level 5 of the Dungeon
  4468 | D:5      | Reached skill level 1 in Evocations
  4468 | D:5      | Reached XP level 6. HP: 45/48 MP: 8/11
  4514 | D:5      | Found a sand-covered staircase.
  4526 | Ossuary  | Entered an ossuary
  5080 | D:5      | Learned a level 3 spell: Inner Flame
  5440 | D:6      | Found an opulent altar of Gozag.
  5552 | D:6      | Found a glowing silver altar of Zin.
  5801 | D:6      | Reached XP level 7. HP: 40/55 MP: 4/14
  6053 | D:6      | Engulfed by a cloud of flame

Skill      XL: |  1  2  3  4  5  6  7 |
---------------+----------------------+-----
Armour         | 1 2 |  2.8
Conjurations   | 1 2 |  2.8
Fighting       | 1 2 |  2.0
Throwing       | 1 2 |  2.1
Short Blades   | 1 2 |  2.0
Dodging        | 2 |  2.0
Evocations     | 1 2 |  2.0
Spellcasting   | 2 3 |  3.1
Stealth        | 3 |  3.1
Shields        | |  0.5
Hexes          | |  0.8
Fire Magic     | |  2.6

Action                   |  1- 3 |  4- 6 |  7- 9 || total
-------------------------+-------+-------+-------++-------
Melee: Unarmed           |    28 |       |       ||    28
       Dagger            |    12 |    56 |    21 ||    89
Throw: Stone             |     5 |    39 |       ||    44
 Cast: Flame Tongue      |    55 |   130 |    19 ||   204
       Throw Flame       |    10 |    20 |       ||    30
       Conjure Flame     |       |     2 |       ||     2
       Inner Flame       |       |       |     2 ||     2
Evoke: Wand              |       |       |     1 ||     1
  Use: Scroll            |     2 |     8 |     2 ||    12
       Potion            |     1 |     4 |       ||     5
 Stab: Sleeping          |     2 |    12 |       ||    14
       Distracted        |       |     1 |     1 ||     2
  Eat: Chunk             |     1 |     9 |     1 ||    11
       Bread ration      |     1 |     1 |       ||     2
       Beef jerky        |       |     1 |       ||     1
Armor: Robe              |    17 |    24 |    10 ||    51
Dodge: Dodged            |    43 |    76 |    26 ||   145
Block: Shield            |       |     9 |       ||     9
